 Dungeon Crawl Stone Soup version 0.22-a0-525-gf69a080 (webtiles) character file.

50 kae the Skirmisher (level 3, -2/29 HPs)
             Began as a Demonspawn Abyssal Knight on June 20, 2018.
             Was a Follower of Lugonu.
             Slain by Terence
             ... wielding a +0 flail
              (8 damage)
             ... on level 2 of the Dungeon.
             The game lasted 00:01:43 (1724 turns).

kae the Skirmisher (Demonspawn Abyssal Knight)      Turns: 1724, Time: 00:01:44

Health: -2/29      AC:  3    Str: 13    XL:     3   Next: 55%
Magic:  5/5        EV: 11    Int: 13    God:    Lugonu [*.....]
Gold:   72         SH:  0    Dex: 12    Spells: 2/2 levels left

rFire    . . .     SeeInvis .   a - +1 mace
rCold    . . .     Gourm    .   (no shield)
rNeg     . . .     Faith    .   b - +0 leather armour
rPois    .         Spirit   .   (no helmet)
rElec    .         Reflect  .   (no cloak)
rCorr    .         Harm     .   (no gloves)
MR       .....                  (no boots)
Stlth    +.........             (no amulet)
HPRegen  0.09/turn              (no ring)
MPRegen  0.09/turn              (no ring)

@: no status effects
A: talons 1
a: Depart the Abyss, Renounce Religion


You were on level 2 of the Dungeon.
You worshipped Lugonu.
Lugonu was aware of your devotion.
You were hungry.

You visited 1 branch of the dungeon, and saw 2 of its levels.
You visited the Abyss 1 time.

You collected 72 gold pieces.

Inventory:

Hand Weapons
 a - a +1 mace (weapon)
Armour
 b - a +0 leather armour (worn)
Scrolls
 f - 3 scrolls of identify
Comestibles
 c - 5 rations


   Skills:
 + Level 3.3 Fighting
 * Level 2.5 Maces & Flails
 + Level 2.2 Armour
 + Level 1.4 Dodging
 + Level 3.0 Invocations


You had 2 spell levels left.
You didn't know any spells.
Your spell library was empty.

Dungeon Overview and Level Annotations

Branches:
Dungeon (2/15)

Altars:

Annotations:
D:2 Terence


Innate Abilities, Weirdness & Mutations

You have sharp toenails.


Message History

Terence hits you with a flail!
You hit Terence but do no damage. You claw Terence.
Terence is moderately wounded.
Terence hits you with a flail.
You aren't carrying any potions.
You hit Terence.
Terence is heavily wounded.
Terence hits you with a flail!
* * * LOW HITPOINT WARNING * * *
Okay, then.
You hit Terence.
Terence is heavily wounded.
Terence closely misses you.
You hit Terence but do no damage.
Terence is heavily wounded.
Terence hits you but does no damage.
You hit Terence.
Terence is severely wounded.
Terence hits you with a flail!
You die...

***** ********* **,,,**####*
*##*,,,,,,,*
*,,,,+,,...###.#*,,,,**,*
*,,,,****#.#@@.#*,,*,**,*
*,,,,* #...#.#*,,*,**,*
*,,,,* ###.#,..,,*,,,,*****
*,,,,* #.#####.#***,*,,,,
*,,,,******#.......#*,,,*,,,,
*,,,,,,,,,,###.......,,,*,,,,
*,,,,,,,,,,,,,.......,,,+,,,,
*,,,,,,,,,,***.......,,,*,,,,
*,,,,,,,,,,* *.......,,,*,,,,


You could see Terence.

Vanquished Creatures
  An adder (D:1)
  2 oozes (D:1)
  2 dart slugs (D:1)
  2 leopard geckos (D:1)
  2 giant cockroaches (D:1)
  3 goblins (D:1)
  4 hobgoblins (D:1)
  5 kobolds (D:1)
  A bat (D:1)
  4 rats (D:1)
26 creatures vanquished.

Notes
Turn   | Place    | Note
-------+----------+-------------------------------------------
     0 | Abyss:1  | kae the Demonspawn Abyssal Knight began the quest for the Orb.
     0 | Abyss:1  | Reached XP level 1. HP: 18/18 MP: 2/2
   101 | D:1      | Escaped the Abyss
   105 | D:1      | Reached skill level 1 in Dodging
   309 | D:1      | Gained mutation: You have sharp toenails. [demonic ancestry]
   309 | D:1      | Reached XP level 2. HP: 20/24 MP: 3/3
   620 | D:1      | Reached XP level 3. HP: 23/29 MP: 5/5
  1317 | D:2      | Noticed Terence
  1724 | D:2      | Slain by Terence

Vault maps used:
D:1:      evilmike_arrival_sounds_zot
D:2:      dancing_weapons_uskayaw, nicolae_overflow_hidden_temple, uniq_jessica,
          uniq_terence

Skill      XL: |  1  2  3 |
---------------+----------+-----
Dodging        | 1 |  1.4
Maces & Flails | 2 |  2.5
Armour         | 2 |  2.2
Invocations    | 3 |  3.0
Fighting       | |  3.3

Action                   || total
-------------------------++-------
Melee: Mace              ||    84
       Kick              ||    15
  Use: Scroll            ||     5
       Potion            ||     1
  Eat: Chunk             ||     2
Armor: Leather armour    ||    15
Dodge: Dodged            ||    71

Table legend:
 A = Spawn XP
 B = Non-spawn XP
 C = Spawn XP percentage of total XP
 D = Spawn monster count
 E = Non-spawn monster count
 F = Spawn count percentage of total count
 G = Total turns spent on level
                    A         B        C        D         E        F      G
               +---------+---------+-------+---------+---------+-------+---------
         Total |       0 |      72 |   0.0 |       0 |      26 |   0.0 |  1724
               +---------+---------+-------+---------+---------+-------+---------
           D:1 |       0 |      72 |   0.0 |       0 |      26 |   0.0 |  1590
               +---------+---------+-------+---------+---------+-------+---------
